 Dungeon Crawl Stone Soup version 0.27.1-1-g398f81649c (webtiles) character file.

Game seed: 16649989587592985967

6963 karkarkar the Destroyer (level 10, -2/77 HPs)
             Began as a White Draconian Conjurer on Sept 9, 2021.
             Was a Follower of Vehumet.
             Slain by a wolf (8 damage)
             ... led by Grum
             ... on level 9 of the Dungeon.
             The game lasted 00:56:38 (11078 turns).

karkarkar the Destroyer (White Draconian Conjurer) Turns: 11078, Time: 00:56:39

Health: -2/77      AC: 12    Str:  6    XL:     10   Next: 81%
Magic:  21/21      EV: 14    Int: 27    God:    Vehumet [*.....]
Gold:   154        SH:  4    Dex: 15    Spells: 9/24 levels left

rFire    . . .     SeeInvis .   y - +10 rapier of Bread {vorpal, Str-3 Int+7 Dex+3}
rCold    + . .     Faith    .   x - +0 buckler
rNeg     . . .     Spirit   .   (armour unavailable)
rPois    +         Reflect  .   (helmet restricted)
rElec    .         Harm     .   c - +2 cloak
rCorr    .         Rampage  .   z - +0 pair of gloves
Will     .....                  f - +0 pair of boots
Stlth    +++.......             A - amulet of magic regeneration
HPRegen  0.22/turn              m - ring of poison resistance
MPRegen  0.42/turn              (no ring)

@: very slightly contaminated, hasted, invisible, very quick
A: breathe frost, AC +7, unfitting armour, cold resistance 1, cold-blooded
a: Breathe Frost, Renounce Religion


You were on level 9 of the Dungeon.
You worshipped Vehumet.
Vehumet was aware of your devotion.
You visited 2 branches of the dungeon, and saw 11 of its levels.

You collected 503 gold pieces.
You spent 349 gold pieces at shops.

Inventory:

Hand Weapons
 n - a +3 hand axe of flaming
 y - the +10 rapier of Bread (weapon) {vorpal, Str-3 Int+7 Dex+3}
   (You found it on level 9 of the Dungeon)

   It inflicts extra damage upon your enemies.
   Str:       It affects your strength (-3).
   Int:       It affects your intelligence (+7).
   Dex:       It affects your dexterity (+3).
Missiles
 k - 268 stones
 q - 2 javelins
 B - a curare-tipped dart
Armour
 c - a +2 cloak (worn)
 f - a +0 pair of boots (worn)
 t - a scarf of invisibility
 x - a +0 buckler (worn)
 z - a +0 pair of gloves (worn)
Jewellery
 a - an amulet of regeneration
 m - a ring of poison resistance (left hand)
 A - an amulet of magic regeneration (around neck)
Wands
 u - a wand of acid (7)
 v - a wand of paralysis (3)
Scrolls
 e - 2 scrolls of noise
 g - 5 scrolls of teleportation
 h - a scroll of fog
 i - a scroll of silence {unknown}
 j - 2 scrolls of fear {unknown}
 o - 3 scrolls of acquirement
 p - a scroll of amnesia {unknown}
 r - 2 scrolls of enchant weapon
Potions
 b - 6 potions of curing
 d - 2 potions of heal wounds
 l - 2 potions of attraction
 s - a potion of invisibility
 C - 2 potions of might {unknown}
 D - a potion of mutation {unknown}


   Skills:
 + Level 3.0 Fighting
 + Level 4.0 Short Blades
 - Level 1.0(1.5) Slings
 - Level 1.9(2.0) Throwing
 + Level 5.5 Dodging
 + Level 4.5 Stealth
 + Level 1.4 Shields
 - Level 0.2 Unarmed Combat
 + Level 7.9 Spellcasting
 + Level 8.9 Conjurations
 * Level 7.3 Translocations
 + Level 0.1 Evocations


You had 9 spell levels left.
You knew the following spells:

 Your Spells              Type           Power      Damage    Failure   Level
a - Magic Dart            Conj           100%       1d8       1%          1
b - Searing Ray           Conj           100%       3d7       1%          2
c - Blink                 Tloc           N/A        N/A       1%          2
d - Iskenderun's Mystic   Conj/Tloc      53%        2d11      2%          4
e - Iskenderun's Battles  Conj           56%        2d11      4%          5
f - Shock                 Conj/Air       100%       1d9       1%          1

Your spell library contained the following spells:

 Spells                   Type           Power      Damage    Failure   Level
 Apportation              Tloc           100%       N/A       1%          1
 Static Discharge         Conj/Air       34%        N/A       1%          2
 Dazzling Flash           Conj/Hex       68%        N/A       3%          3
 Passage of Golubria      Tloc           N/A        N/A       3%          4
 Manifold Assault         Tloc           50%        N/A       10%         5
 Fulminant Prism          Conj/Hex       17%        3d11      12%         4
 Irradiate                Conj/Tmut      17%        3d19      32%         5
 Olgreb's Toxic Radiance  Pois           10%        N/A       58%         4
 Conjure Ball Lightning   Conj/Air       17%        3x3d6     87%         6
 Ozocubu's Refrigeration  Ice            5%         4d6       100%        7
 Storm Form               Tmut/Air       5%         N/A       100%        7
 Ignition                 Fire           5%         3d4       100%        8


Dungeon Overview and Level Annotations

Branches:
Dungeon (10/15)            Temple (1/1) D:7             Orc (0/2) D:10
   Lair: D:8-11

Altars:
Ashenzari
Cheibriados
Dithmenos
Fedhas
Gozag
Kikubaaqudgha
Makhleb
Nemelex Xobeh
Okawaru
Qazlal
Ru
Sif Muna
Trog
Uskayaw
Vehumet
Wu Jian
Xom
Yredelemnul
Zin
The Shining One

Shops:
D:7 ?*([   D:10 (

Annotations:
D:10 Erolcha


Innate Abilities, Weirdness & Mutations

You can breathe waves of freezing cold which knock back foes.
Your icy white scales are hard. (AC +7)
You cannot fit into any form of body armour.
Your flesh is cold resistant. (rC+)
You are cold-blooded and may be slowed by cold attacks.


Message History

Casting: Blink (safe; 1% risk of failure)
Press: ? - help, Q - select action, (/) - cycle Dir - look around, f - activate You blink.
The orc hits you but does no damage. The wolf bites you.
* * * LOW HITPOINT WARNING * * *
The orc hits you but does no damage. The wolf closely misses you.
The troll bites you.
* * * LOW HITPOINT WARNING * * *
The troll closely misses you. x2; The wolf misses you.
The wolf closely misses you. You block the wolf's attack.
The wolf closely misses you. The troll misses you. The troll claws you.
* * * LOW HITPOINT WARNING * * *
The troll claws you.
* * * LOW HITPOINT WARNING * * *
You feel yourself speed up. The wolf completely misses you.
You block the wolf's attack. The wolf bites you.
* * * LOW HITPOINT WARNING * * *
The wolf bites you but does no damage. The wolf closely misses you.
The troll bites you.
* * * LOW HITPOINT WARNING * * *
You block the troll's attack. The troll closely misses you.
You block the wolf's attack. The wolf barely misses you.
You fade into invisibility!
You block the wolf's attack. x2; The wolf closely misses you.
You are very lightly contaminated with residual magic.
The wolf barely misses you. The wolf misses you. The wolf bites you.
* * * LOW HITPOINT WARNING * * *
The wolf bites you but does no damage. The wolf closely misses you.
The wolf bites you but does no damage.
There is an open door here.
The orc no longer looks unusually strong.
The wolf closely misses you.
There is an open door here.
The wolf barely misses you. The wolf bites you!
You die...

#...#.....'................o..#.
##...#.....#................To.#.
.....#.....#.........#####....=##
.....#.....#.......###...T......#
.....#.....#.......#.....#......#
.....#######.......#.....+.......
...................#.....#.......
#...##'###.........#.....#.....##
#...#....#......@..#.....#.....#.
#...#....#......h..+....h#.....#.
....#....#.#####...#.....#.....#.
....#....#.#...'..h#####'#.#####.
....#....#.#...#...h.....>.#.....
....#....#.#...#...........#....#
....######.#...#........[..+....#
...........#####...........#....#
.......................[...#.....


You could see 3 wolves.

Vanquished Creatures
  Pikel (D:6)
  An ugly thing (D:6)
  Psyche (D:8)
  A shadow (D:9)
  A wraith (D:8)
  12 yaks
  An acid dragon (D:8)
  3 water moccasins
  A sky beast (D:7)
  2 black bears
  4 orc warriors
  2 ice beasts
  2 necrophages
  2 ogres
  2 lemures (D:6)
  A phantom (D:5)
  A kobold brigand (D:7)
  Blork the orc (D:4)
  3 bullfrogs
  2 scorpions
  A wyvern skeleton (D:7)
  A water moccasin skeleton (D:6)
  10 killer bees
  3 howler monkeys
  4 wights (D:7)
  A bullfrog zombie (D:6)
  A lava snake (D:9)
  A hound (D:4)
  Crazy Yiuf (D:4)
  A centaur skeleton (D:7)
  5 centaur zombies
  2 bullfrog skeletons
  Natasha (thrice) (D:3)
  2 iguanas
  5 orc wizards
  A killer bee zombie (D:6)
  A howler monkey zombie (D:9)
  7 adders
  2 river rats (D:6)
  A shadow imp (D:6)
  A white imp (D:8)
  An ufetubus (D:6)
  A dart slug (D:1)
  23 orcs
  2 endoplasms
  A giant cockroach (D:3)
  9 goblins
  2 hobgoblins
  9 jackals
  4 quokkas
  7 ball pythons
  6 bats
  3 frilled lizards
  8 kobolds
  9 rats
183 creatures vanquished.

Vanquished Creatures (others)
  2 demonic plants (D:2)
  A fungus (D:2)
  2 plants
  2 withered plants (D:2)
7 creatures vanquished.

Grand Total: 190 creatures vanquished

Notes
Turn   | Place    | Note
-------+----------+-------------------------------------------
     0 | D:1      | karkarkar the Draconian Conjurer began the quest for the
                  | Orb.
     0 | D:1      | Reached XP level 1. HP: 14/14 MP: 3/3
   225 | D:1      | Reached XP level 2. HP: 20/20 MP: 1/5
   616 | D:1      | Learned a level 2 spell: Searing Ray
  1236 | D:2      | Reached XP level 3. HP: 27/27 MP: 2/6
  1786 | D:2      | Found a faded altar of an unknown god.
  2247 | D:3      | Noticed Natasha
  2262 | D:3      | Killed Natasha
  2263 | D:3      | Reached skill level 5 in Conjurations
  2263 | D:3      | Reached XP level 4. HP: 34/34 MP: 3/7
  2444 | D:3      | Noticed Natasha
  2451 | D:3      | Killed Natasha
  2452 | D:3      | Reached skill level 1 in Translocations
  2564 | D:3      | Noticed Natasha
  2581 | D:3      | Killed Natasha
  2679 | D:3      | Reached XP level 5. HP: 39/39 MP: 6/8
  2712 | D:3      | Found a sacrificial altar of Ru.
  3439 | D:4      | Noticed Blork the orc
  3446 | D:4      | Killed Blork the orc
  3447 | D:4      | Reached XP level 6. HP: 44/46 MP: 0/9
  3792 | D:4      | Found a shadowy altar of Dithmenos.
  3792 | D:4      | Found a hide-covered altar of Uskayaw.
  3925 | D:4      | Found a runed translucent door.
  3926 | D:4      | Noticed Crazy Yiuf
  3965 | D:4      | Killed Crazy Yiuf
  3984 | D:4      | Learned a level 2 spell: Blink
  4081 | D:5      | Entered Level 5 of the Dungeon
  4373 | D:5      | Your scales start taking on an icy white colour.
  4373 | D:5      | Reached XP level 7. HP: 51/51 MP: 4/11
  4373 | D:5      | Gained mutation: Your flesh is cold resistant. (rC+) [White
                  | Draconian growth]
  4592 | D:5      | Reached skill level 6 in Conjurations
  5349 | D:6      | Found a burning altar of Makhleb.
  5360 | D:6      | Reached skill level 1 in Throwing
  5387 | D:6      | Learned a level 4 spell: Iskenderun's Mystic Blast
  5660 | D:6      | You fall into a shaft and drop 3 floors!
  5668 | D:9      | Identified the +10 rapier of Bread {vorpal, Str-3 Int+7
                  | Dex+3}
  5739 | D:9      | Reached XP level 8. HP: 46/58 MP: 6/14
  6192 | D:9      | Reached skill level 7 in Conjurations
  6192 | D:9      | Reached skill level 5 in Translocations
  6199 | D:9      | Reached skill level 1 in Fighting
  6199 | D:9      | Reached skill level 5 in Spellcasting
  6264 | D:9      | Reached skill level 1 in Short Blades
  6269 | D:9      | Reached XP level 9. HP: 43/64 MP: 8/16
  6387 | D:8      | Reached skill level 5 in Dodging
  6405 | D:9      | Reached skill level 1 in Slings
  6661 | D:8      | Noticed Psyche
  6682 | D:7      | Found Vuynnio's Antique Armour Shop.
  6705 | D:7      | Bought a runed cloak for 202 gold pieces
  6740 | D:7      | Reached skill level 1 in Shields
  6768 | D:7      | Found Sumomor's Weapon Shoppe.
  6776 | D:7      | Found Hexougry's Assorted Antiques.
  6801 | D:7      | Bought a scroll of identify for 42 gold pieces
  7220 | D:7      | Found Ujetydd's Magic Scroll Boutique.
  7408 | D:7      | Reached XP level 10. HP: 63/74 MP: 12/19
  7454 | D:7      | You fall into a shaft and drop 2 floors!
  7790 | D:7      | Found a staircase to the Ecumenical Temple.
  7834 | Temple   | Entered the Ecumenical Temple
  7877 | Temple   | Became a worshipper of Vehumet
  8042 | D:6      | Identified 4 scrolls of acquirement
  8167 | D:6      | Noticed a white ugly thing
  8171 | D:6      | Acquired the Grimoire of Displaced Conjuration
  8189 | D:6      | Killed a white ugly thing
  8190 | D:6      | Reached skill level 8 in Conjurations
  8295 | D:6      | Found a shimmering altar of Xom.
  8713 | D:6      | Noticed Pikel
  8731 | D:6      | Killed Pikel
  9146 | D:7      | Learned a level 5 spell: Iskenderun's Battlesphere
  9528 | D:7      | Bought a dented beryl amulet for 105 gold pieces
  9803 | D:8      | Killed Psyche
  9809 | D:8      | Reached * piety under Vehumet
  9809 | D:8      | Offered knowledge of Shock by Vehumet.
  9812 | D:8      | Learned a level 1 spell: Shock
 10302 | D:9      | Found a basalt altar of Yredelemnul.
 10313 | D:9      | Found a snail-covered altar of Cheibriados.
 10582 | D:9      | Found a bloodstained altar of Trog.
 11004 | D:10     | Entered Level 10 of the Dungeon
 11004 | D:10     | Noticed an orc knight
 11004 | D:10     | Noticed an orc knight
 11004 | D:10     | Found Plog's Weapon Shoppe.
 11004 | D:10     | Found a staircase to the Orcish Mines.
 11009 | D:10     | Noticed Erolcha
 11057 | D:9      | HP: 3/77 [wolf[Grum] (4)]
 11078 | D:9      | Slain by a wolf

Illustrated notes

Levels and vault maps discovered:
D:1:      grunt_arrival_crossed_arrows, layout_loops_cross
D:2:      layout_loops_cross, shapermc_ecumenical_altar_gd
D:3:      layout_rooms, hangedman_ru_absence, uniq_natasha
D:4:      layout_loops_cross, gammafunk_temple_overflow_wave,
          uniq_blork_the_orc, uniq_crazy_yiuf_cottage
D:5:      layout_loops_ring
D:6:      layout_basic, mainiacjoe_overflow_chevrons, tgw_xom,
          portal_sewer_entry_a, uniq_pikel
D:7:      layout_gridville, minmay_temple_entry_fiery, serial_shops, shop,
          nicolae_shop_overgrown_old_shop, shop, kennysheep_little_box
D:8:      minmay_opposing_rooms, layout_layer_cave, minmay_misc_feat_enclosed,
          uniq_psyche
D:9:      layout_irregular_city, trog_book, mainiacjoe_overflow_catch_the_wave
D:10:     layout_irregular_city, nicolae_hepliaklqana_hippocampus,
          elyvilon_altar_5, david_lair_generic, orc_david_3, roderic_batcave,
          minivault_25, st_stairs_11, palyth_stone_intersect,
          hellmonk_bongcloud_opening, uniq_erolcha, uniq_grum
Temple:   nicolae_temple_no_exploring_needed

Skill      XL: |  1  2  3  4  5  6  7  8  9 10 |
---------------+-------------------------------+-----
Dodging        | 2 3 4 5 |  5.5
Stealth        | 2 3 4 |  4.5
Conjurations   | 5 6 7 8 |  8.9
Translocations | 1 2 3 4 5 6 7 |  7.3
Spellcasting   | 4 5 6 7 |  7.9
Throwing       | 1 |  1.9
Fighting       | 1 2 3 |  3.0
Short Blades   | 1 3 4 |  4.0
Slings         | 1 |  1.0
Shields        | 1 |  1.4
Unarmed Combat | |  0.2
Evocations     | |  0.1

Action                   |  1- 3 |  4- 6 |  7- 9 | 10-12 || total
-------------------------+-------+-------+-------+-------++-------
Melee: Unarmed           |    44 |     1 |       |       ||    45
       Tailslap          |     3 |       |     3 |     2 ||     8
       Rapier            |       |       |    32 |    12 ||    44
 Fire: Hunting sling     |       |       |     7 |       ||     7
Throw: Dart              |     1 |     3 |     1 |     1 ||     6
       Javelin           |       |       |     9 |     3 ||    12
 Cast: Magic Dart        |    47 |    23 |    20 |    39 ||   129
       Searing Ray       |    10 |    25 |    43 |    26 ||   104
       Blink             |       |       |     1 |     1 ||     2
       Iskenderun's Myst |       |       |     6 |    20 ||    26
       Iskenderun's Batt |       |       |       |     8 ||     8
       Shock             |       |       |       |     4 ||     4
 Abil: Breathe Frost     |       |       |     5 |     4 ||     9
Evoke: Wand              |       |       |       |     2 ||     2
  Use: Scroll            |     2 |     1 |     5 |     5 ||    13
       Potion            |       |       |     1 |     2 ||     3
 Stab: Sleeping          |       |       |     1 |       ||     1
Armor: Skin              |    32 |     7 |    27 |    30 ||    96
Dodge: Dodged            |    53 |    18 |    47 |    56 ||   174
Block: Buckler           |       |       |    14 |    19 ||    33
